 Dungeon Crawl Stone Soup version 0.21-a0-122-g43b3ea6 (webtiles) character file.

32 Kurtz the Chopper (level 3, 0/39 HPs)
             Began as an Octopode Abyssal Knight on July 13, 2017.
             Was a Follower of Lugonu.
             Succumbed to an adder's poison
             ... on level 2 of the Dungeon.
             The game lasted 00:01:23 (1110 turns).

Kurtz the Chopper (Octopode Abyssal Knight)         Turns: 1110, Time: 00:01:24

Health: 0/39       AC:  1    Str: 17    XL:     3   Next: 27%
Magic:  4/4        EV: 10    Int: 14    God:    Lugonu [*.....]
Gold:   73         SH:  7    Dex: 11    Spells: 2/2 levels left

rFire    . . .     SeeInvis .   a - +1 hand axe
rCold    + . .     Gourm    .   h - +0 shield
rNeg     . . .     Faith    .   (helmet restricted)
rPois    .         Spirit   .   (no amulet)
rElec    .         Reflect  .   k - ring of protection from cold
rCorr    .         Harm     .   (no ring)
MR       .....                  (no ring)
Stlth    ..........             (no ring)
HPRegen  0.13/turn              (no ring)
MPRegen  0.09/turn              (no ring)
                                (no ring)
                                (no ring)

@: berserking, lethally poisoned (0 -> -12), very quick
A: almost no armour, stealthy swim, amphibious, 8 rings, constrict 8, camouflage
1, gelatinous body 1
a: Depart the Abyss, Renounce Religion


You were on level 2 of the Dungeon.
You worshipped Lugonu.
Lugonu was aware of your devotion.
You were not hungry.

You visited 1 branch of the dungeon, and saw 2 of its levels.
You visited the Abyss 1 time.

You collected 73 gold pieces.

Inventory:

Hand Weapons
 a - a +1 hand axe (weapon)
Armour
 h - a +0 shield (worn)
Jewellery
 k - a ring of protection from cold (left tentacle)
Scrolls
 c - 2 scrolls of remove curse {unknown}
 e - a scroll of amnesia {unknown}
 j - a scroll of immolation {unknown}
 l - a scroll of magic mapping {unknown}
 o - a scroll of noise {unknown}
Potions
 i - a potion of brilliance {unknown}
 m - a potion of curing {unknown}
Comestibles
 b - 3 bread rations
 f - a royal jelly
 g - 2 meat rations


   Skills:
 - Level 3.0 Fighting
 * Level 3.1 Axes
 - Level 2.3 Dodging
 + Level 1.1 Stealth
 * Level 2.4 Invocations


You had 2 spell levels left.
You didn't know any spells.

Dungeon Overview and Level Annotations

Branches:
Dungeon (2/15)

Altars:


Innate Abilities, Weirdness & Mutations

You cannot wear most types of armour.
You are very stealthy in the water. (Stealth+)
You are amphibious.
You can wear up to eight rings at the same time.
You can use your tentacles to constrict eight enemies at once.
Your skin changes colour to match your surroundings (Stealth+).
Your rubbery body absorbs attacks. (AC +1, EV +1)


Message History

The adder is moderately wounded.
You constrict the adder.
* * * LOW HITPOINT WARNING * * *
You feel sick. The adder bites you.
* * * LOW HITPOINT WARNING * * *
It was a potion of berserk rage.
A red film seems to cover your vision as you go berserk!
You feel yourself moving faster!
You feel mighty!
You constrict the adder.
* * * LOW HITPOINT WARNING * * *
You feel sick. The adder closely misses you.
You completely miss the adder. You squeeze the adder.
You kill the adder!
Lugonu accepts your kill.
Your Stealth skill increases to level 1!
You have reached level 3!
Your experience leads to an increase in your attributes!
Your base attributes are Str 11, Int 14, Dex 11.
Increase (S)trength, (I)ntelligence, or (D)exterity?
You feel stronger.
You die...

#.......# #.......#
##### #.......# ####
..... #.[.....# .....
#.. #.......#.......
#..
#.......#.......##..
#...................
#..@....#.......#...
####.......... #...
#............#.##
#####......#####.#.##
...?.......# #.#†##
####.......# #.#.##
#.......# ##.#...
#.......# #.....#
#.......####..#.##


There were no monsters in sight!

Vanquished Creatures
  An adder (D:2)
  A leopard gecko (D:2)
  3 bats
  5 goblins
  3 hobgoblins
  2 frilled lizards
  3 kobolds (D:1)
  6 rats
24 creatures vanquished.

Notes
Turn   | Place    | Note
-------+----------+-------------------------------------------
     0 | Abyss:1  | Kurtz the Octopode Abyssal Knight began the quest for the Orb.
     0 | Abyss:1  | Reached XP level 1. HP: 16/16 MP: 2/2
     1 | Abyss:1  | Found a corrupted altar of Lugonu.
    86 | Abyss:1  | Noticed a small abomination
    88 | Abyss:1  | Noticed a chaos spawn
    90 | Abyss:1  | Noticed a starcursed mass
    94 | Abyss:1  | Noticed a thrashing horror
    99 | Abyss:1  | Noticed a bone dragon
   100 | D:1      | Escaped the Abyss
   509 | D:1      | Reached XP level 2. HP: 20/21 MP: 3/3
   575 | D:1      | Reached * piety under Lugonu
  1108 | D:2      | HP: 1/21 [adder (3)]
  1110 | D:2      | Reached skill level 1 in Stealth
  1110 | D:2      | Reached XP level 3. HP: 1/26 MP: 4/4
  1110 | D:2      | Succumbed to an adder's poison

Vault maps used:
D:1:      sevenhm_arrival_forest_fort_small_6
D:2:      cheibrodos_old_hovel

Skill      XL: |  1  2 |
---------------+-------+-----
Axes           | 3 |  3.1
Stealth        | 1 |  1.1
Fighting       | |  3.0
Dodging        | |  2.3
Invocations    | |  2.4

Action                   || total
-------------------------++-------
Melee: Hand axe          ||    43
       Constrict         ||    14
       Tentacles         ||     8
Invok: Depart the Abyss  ||     1
  Use: Potion            ||     1
 Stab: Sleeping          ||     4
  Eat: Chunk             ||     1
Armor: Skin              ||     3
Dodge: Dodged            ||    21
Block: Shield            ||     3
